 Dungeon Crawl Stone Soup version 0.30-a0-135-g630cfc4551 (webtiles) character file.

Game seed: 7185964245077673680

32 ytrimaz the Trooper (level 3, -1/29 HPs)
             Began as a Demonspawn Gladiator on Sept 20, 2022.
             Slain by an ogre
             ... wielding a +0 giant club
              (30 damage)
             ... on level 2 of the Dungeon.
             The game lasted 00:01:25 (1021 turns).

ytrimaz the Trooper (Demonspawn Gladiator)          Turns: 1021, Time: 00:01:26

Health: -1/29      AC:  4    Str: 16    XL:     3   Next: 10%
Magic:  3/3        EV: 12    Int: 11    God:
Gold:   136        SH:  0    Dex: 14    Spells: 2/2 levels left

rFire   . . .      SeeInvis .    a - +0 war axe
rCold   . . .      Faith    .    (no shield)
rNeg    . . .      Spirit   .    b - +0 leather armour
rPois   .          Reflect  .    c - +0 helmet
rElec   .          Harm     .    (no cloak)
rCorr   .          Rampage  .    (no gloves)
Will    .....                    (no boots)
Stlth   +.........               (no amulet)
HPRegen 0.09/turn                (no ring)
MPRegen 0.08/turn                (no ring)

@: no status effects
A: ignite blood 1, big brain 1
a: no special abilities


You were on level 2 of the Dungeon.
You visited 1 branch of the dungeon, and saw 2 of its levels.

You collected 136 gold pieces.


Innate Abilities, Weirdness & Mutations

Your demonic aura sometimes causes spilled blood to erupt in flames.
You have an unusually large brain. (Int +2)


   Skills:
 * Level 3.2 Fighting
 + Level 3.1 Axes
 - Level 1.7 Throwing
 - Level 2.6 Dodging


You had 2 spell levels left.
You didn't know any spells.
Your spell library was empty.

Inventory:

Hand Weapons
 a - a +0 war axe (weapon)
Missiles
 d - 3 throwing nets (quivered)
 e - a javelin
Armour
 b - a +0 leather armour (worn)
 c - a +0 helmet (worn)
Scrolls
 f - a scroll of enchant armour {unknown}
 g - a scroll of amnesia {unknown}
 i - a scroll of identify {unknown}
Potions
 h - a potion of degeneration {unknown}
 j - a potion of lignification {unknown}

Dungeon Overview and Level Annotations

Branches:
Dungeon (2/15) Zot: 10961

Altars:

Shops:
D:1

[
#...................#..
#.#.###........##...#..
.. #.#
#........##...##. ...
#.# #.............##.
##.
#.#######...#####.... +
#....# #......<###.##
#..#.# #..#..........
#..#.# #..#.######.##
####@# #..#.# .# #..O.#
#..#.# #..J.# ...#.#
...#.##.#..#.# #.....
.##.... #..K#. . ##.#.
#.. ... .... r.


You could see an ogre, an endoplasm, a quokka and a kobold.


Message History

Key pressed, stopping explore.
You see here a +0 club.
j - a blue potion
Things that are here:
a +0 club; a goblin corpse 😎 HP[+4]
Your hp is fully restored (23).
You now have 110 gold pieces (gained 9).
You now have 120 gold pieces (gained 10).
You now have 124 gold pieces (gained 4).
You now have 136 gold pieces (gained 12).
You see here a +0 rapier.
Found a stone staircase leading down.
A giant cockroach comes into view.
A giant cockroach is nearby!
A giant cockroach is nearby!
A giant cockroach is nearby!
You closely miss the giant cockroach. The giant cockroach barely misses you.
You hit the giant cockroach.
The giant cockroach bites you but does no damage.
The giant cockroach barely misses you.
You barely miss the giant cockroach.
The giant cockroach bites you but does no damage.
You hit the giant cockroach but do no damage.
The giant cockroach closely misses you. The giant cockroach barely misses you.
You closely miss the giant cockroach. The giant cockroach bites you.
The giant cockroach closely misses you. 😕 HP[-1]
You take 1 damage, and now have 22/23 hp.
You closely miss the giant cockroach.
The giant cockroach bites you but does no damage.
A giant cockroach is nearby!
You slash the giant cockroach!
You kill the giant cockroach!
You see here a giant cockroach corpse.
A kobold comes into view. It is wielding a +0 dagger.
The kobold shouts! 😎 HP[+1]
Your hp is fully restored (23).
A kobold is nearby!
A kobold is nearby!
A kobold is nearby!
You hit the kobold but do no damage. The kobold barely misses you.
You barely miss the kobold.
The kobold hits you but does no damage. x2
You hit the kobold. The kobold barely misses you.
You completely miss the kobold. The kobold barely misses you.
The kobold hits you but does no damage.
You hit the kobold.
You kill the kobold!
Things that are here:
a +0 dagger; a kobold corpse An adder comes into view.
The adder hisses angrily.
A rat comes into view.
There are monsters nearby!
There are monsters nearby!
You slash the adder!
The adder is engulfed in blazing flames.
You kill the adder!
Your Fighting skill increases to level 3!
You have reached level 3!
Your experience leads to an increase in your attributes!
Increase (S)trength, (I)ntelligence, or (D)exterity?
You feel stronger. x2; Your demonic ancestry asserts itself...
Your brain expands. 😎 HP[+6] MP[+1]
You now have 29 max hp (+6).
Your hp is fully restored (29).
Your mp is fully restored (3).
Found a stone staircase leading up.
The rat closely misses you.
You slash the rat!
You kill the rat!
You see here a rat corpse.
A ball python comes into view.
The ball python hisses angrily.
A ball python is nearby!
A ball python is nearby!
The ball python closely misses you. The ball python grabs you.
The ball python constricts you. The ball python bites you.
The ball python constricts you. 😕 HP[-4]
You take 4 damage, and now have 25/29 hp.
You closely miss the ball python. The ball python barely misses you.
The ball python constricts you.
You hit the ball python.
You kill the ball python!
A kobold, an ogre and an endoplasm come into view.
The kobold shouts!
The ogre shouts!
The endoplasm quivers.
A quokka comes into view. 😎 HP[+4]
Your hp is fully restored (29).
There are monsters nearby!
There are monsters nearby!
There are monsters nearby!
Unknown command.
You hit the ogre. You punch the ogre.
The ogre hits you with a +0 giant club!!
Ouch! That really hurt!
You die...

Skill      XL: |  1  2 |
---------------+-------+-----
Axes           | 3 |  3.1
Fighting       | 3 |  3.2
Throwing       | |  1.7
Dodging        | |  2.6

Action                   || total
-------------------------++-------
Melee: War axe           ||    47
       Punch             ||     1
Armor: Leather armour    ||    20
Dodge: Dodged            ||    44

Levels and vault maps discovered:
D:1:      lemuel_arrival_lava_pool, layout_loops_ring, serial_shops, shop,
          ebering_dispersal_statue_hall
D:2:      layout_basic, interstate_on_off, minmay_randomly_rotated_circles

Notes
Turn   | Place    | Note
-------+----------+-------------------------------------------
     0 | D:1      | ytrimaz the Demonspawn Gladiator began the quest for the
                  | Orb.
     0 | D:1      | Reached XP level 1. HP: 16/16 MP: 1/1
     0 | D:1      | magus.rc [v1.9.6]
   348 | D:1      | Found Jofet's Armour Boutique.
   687 | D:1      | Gained mutation: Your demonic aura sometimes causes spilled
                  | blood to erupt in flames. [demonic ancestry]
   687 | D:1      | Reached XP level 2. HP: 21/23 MP: 2/2
   778 | D:2      | Reached skill level 3 in Axes
   962 | D:2      | Reached skill level 3 in Fighting
   962 | D:2      | Gained mutation: You have an unusually large brain. (Int
                  | +2) [demonic ancestry]
   962 | D:2      | Reached XP level 3. HP: 29/29 MP: 3/3
  1020 | D:2      | Noticed an ogre
  1021 | D:2      | Slain by an ogre

Vanquished Creatures
  An adder (D:2)
  3 ball pythons
  2 endoplasms
  2 giant cockroaches
  2 goblins (D:2)
  A hobgoblin (D:2)
  2 jackals (D:2)
  2 kobolds (D:2)
  2 bats
  2 frilled lizards (D:1)
  2 rats
21 creatures vanquished.

Table legend:
 A = Non-vault XP
 B = Vault XP
 C = Vault XP percentage of total XP
 D = Non-vault monster count
 E = Vault monster count
 F = Vault count percentage of total count
                 A         B        C        D         E       F
            +---------+---------+-------+---------+---------+-------
      Total |      36 |      11 |  23.4 |      15 |       6 |  28.6
            +---------+---------+-------+---------+---------+-------
        D:1 |      12 |       0 |   0.0 |       8 |       0 |   0.0
        D:2 |      24 |      11 |  31.4 |       7 |       6 |  46.2
            +---------+---------+-------+---------+---------+-------

Illustrated notes

Table legend:
 A = Kills in this place as a percentage of kills in entire the game.
 B = Kills by you in this place as a percentage of kills by you in the entire game.
 C = Kills by friends in this place as a percentage of kills by friends in the entire game.
 D = Other kills in this place as a percentage of other kills in the entire game.
 E = Experience gained in this place as a percentage of experience gained in the entire game.
 F = Experience gained in this place divided by the number of levels of this place that you have seen.
                   A       B       C       D       E      F
               +-------+-------+-------+-------+-------+----------------------
         Total | 100.0 | 100.0 |   N/A |   N/A | 100.0 |  23.5
       Dungeon | 100.0 | 100.0 |   N/A |   N/A | 100.0 |  23.5
               +-------+-------+-------+-------+-------+----------------------

Table legend: (Time is in decaauts)
 A = Elapsed time spent in this place.
 B = Non-inter-level travel time spent in this place.
 C = Inter-level travel time spent in this place.
 D = Time resting spent in this place.
 E = Time spent auto-exploring this place.
 F = Levels seen in this place.
 G = Mean time per level.
                   A        B        C        D        E       F      G
               +--------+--------+--------+--------+--------+-----+--------+
         Total |   1037 |   1027 |     10 |      0 |    888 |   2 |  518.5 |
       Dungeon |   1037 |   1027 |     10 |      0 |    888 |   2 |  518.5 |
               +--------+--------+--------+--------+--------+-----+--------+

Top non-repeatable levels by time:
     D:1: 737 daAuts
     D:2: 299 daAuts
